 Dungeon Crawl Stone Soup version 0.27.0-1-g7a089689b8 (webtiles) character file.

Game seed: 8262539883106696391

62 lagrange the Insei (level 4, 0/28 HPs)
             Began as an Octopode Transmuter on Aug 13, 2021.
             Slain by a ball python (1 damage)
             ... on level 2 of the Dungeon.
             The game lasted 00:02:51 (1643 turns).

lagrange the Insei (Octopode Transmuter)            Turns: 1643, Time: 00:02:52

Health: 0/28       AC:  1    Str:  9    XL:     4   Next: 8%
Magic:  7/7        EV: 10    Int: 16    God:
Gold:   12         SH:  0    Dex: 12    Spells: 3/7 levels left

rFire    . . .     SeeInvis .     - Unarmed
rCold    . . .     Faith    .   (no shield)
rNeg     . . .     Spirit   .   (helmet restricted)
rPois    .         Reflect  .   (no amulet)
rElec    .         Harm     .   (no ring)
rCorr    .         Rampage  .   (no ring)
Will     .....                  (no ring)
Stlth    +++.......             (no ring)
HPRegen  0.09/turn              (no ring)
MPRegen  0.10/turn              (no ring)
                                (no ring)
                                (no ring)

@: constricted
A: almost no armour, amphibious, 8 rings, camouflage 1, gelatinous body 1,
(nimble swimmer 1), tentacles
a: no special abilities


You were on level 2 of the Dungeon.
You visited 1 branch of the dungeon, and saw 2 of its levels.

You collected 12 gold pieces.

Inventory:

Scrolls
 c - 3 scrolls of blinking {unknown}
Potions
 a - a potion of heal wounds {unknown}
 b - a potion of degeneration {unknown}
 d - 2 potions of curing {unknown}
 e - a potion of flight {unknown}
 f - a potion of cancellation {unknown}


   Skills:
 + Level 1.2 Fighting
 - Level 2.2 Dodging
 + Level 1.5 Stealth
 + Level 3.9 Unarmed Combat
 - Level 2.2 Spellcasting
 + Level 2.2 Transmutations
 + Level 0.6 Poison Magic


You had 3 spell levels left.
You knew the following spells:

 Your Spells              Type           Power      Damage    Failure   Level
a - Beastly Appendage     Tmut           18%        N/A       8%          1
b - Spider Form           Tmut/Pois      3%         N/A       32%         3

Your spell library contained the following spells:

 Spells                   Type           Power      Damage    Failure   Level
 Wereblood                Tmut           9%         N/A       12%         2
 Ignite Poison            Fire/Tmut/Pois 4%         N/A       38%         3
 Conjure Flame            Conj/Fire      1%         6-21      52%         3
 Ice Form                 Ice/Tmut       5%         N/A       77%         4
 Sticky Flame             Conj/Fire      1%         2d3       90%         4


Dungeon Overview and Level Annotations

Branches:
Dungeon (2/15)

Altars:

Annotations:
D:2 1 runed translucent door, Crazy Yiuf


Innate Abilities, Weirdness & Mutations

You cannot wear most types of armour.
You are amphibious.
You can wear up to eight rings at the same time.
Your skin changes colour to match your surroundings (Stealth+).
Your rubbery body absorbs attacks. (AC +1, EV +1)
((You are camouflaged near water. (Stealth+)))
You have tentacles for arms and can constrict up to eight enemies at once.


Message History

You see here a +1 dagger of venom.
You open the door.
There is an open door here.
A ball python and Jessica come into view.
Jessica shouts!
The ball python hisses angrily.
Jessica completely misses you.
You tentacle-slap Jessica. Your grab misses Jessica.
Your squeeze misses Jessica.
Jessica is lightly wounded.
Jessica grins evilly.
Jessica hits you with a +0 club.
You closely miss Jessica. Your grab misses Jessica.
Jessica is lightly wounded.
Jessica hits you with a +0 club!
You closely miss Jessica. You grab Jessica. You squeeze Jessica.
Jessica is severely wounded.
You constrict Jessica.
Jessica points at you and mumbles some strange words.
Pain shoots through your body!
You tentacle-slap Jessica.
Jessica is almost dead.
You constrict Jessica, but do no damage.
Jessica hits you with a +0 club.
* * * LOW HITPOINT WARNING * * *
The ball python closely misses you. The ball python grabs you.
* * * LOW HITPOINT WARNING * * *
The ball python constricts you.
You barely miss Jessica.
Jessica is almost dead.
You constrict Jessica.
You kill Jessica!
The ball python barely misses you.
* * * LOW HITPOINT WARNING * * *
The ball python constricts you.
You have reached level 4!
You tentacle-slap the ball python but do no damage.
You grab the ball python.
You constrict the ball python, but do no damage.
The ball python closely misses you.
You die...

# . .## ##### ..# #...#
#.# #...#+### #.#####+#
#.......# ........####
#.......# ...........#
#)....... ##..###....#
#@S......
....#.#....#####........
###.....)..'............
...>..#....#######.##+#.
............... .#
...#..#.####### .#
...##.#.# # ## #...#
##..#


You could see a ball python.

Vanquished Creatures
  Jessica (D:2)
  2 worms (D:2)
  A dart slug (D:1)
  A bat (D:1)
  An endoplasm (D:1)
  2 giant cockroaches (D:1)
  3 goblins (D:1)
  A hobgoblin (D:2)
  6 jackals
  2 kobolds (D:1)
  A quokka (D:1)
  3 ball pythons (D:1)
  A frilled lizard (D:1)
25 creatures vanquished.

Notes
Turn   | Place    | Note
-------+----------+-------------------------------------------
     0 | D:1      | lagrange the Octopode Transmuter began the quest for the
                  | Orb.
     0 | D:1      | Reached XP level 1. HP: 13/13 MP: 3/3
   261 | D:1      | Reached XP level 2. HP: 13/18 MP: 5/5
   386 | D:1      | Found a faded altar of an unknown god.
  1181 | D:1      | Reached XP level 3. HP: 23/23 MP: 6/6
  1389 | D:2      | Reached skill level 1 in Stealth
  1485 | D:2      | Found a runed translucent door.
  1486 | D:2      | Noticed Crazy Yiuf
  1601 | D:2      | Learned a level 3 spell: Spider Form
  1634 | D:2      | Noticed Jessica
  1642 | D:2      | Killed Jessica
  1642 | D:2      | HP: 1/23 [ball python (1)]
  1643 | D:2      | Reached XP level 4. HP: 1/28 MP: 7/7
  1643 | D:2      | Slain by a ball python

Illustrated notes

Levels and vault maps discovered:
D:1:      beargit_arrival_diablo_church, layout_basic,
          shapermc_ecumenical_altar_acropolis
D:2:      layout_basic, serial_shops, nicolae_shop_crystal,
          kennysheep_generic_room_6, uniq_jessica, uniq_crazy_yiuf_cottage,
          uniq_terence

Skill      XL: |  1  2  3 |
---------------+----------+-----
Stealth        | 1 |  1.5
Fighting       | |  1.2
Dodging        | |  2.2
Unarmed Combat | |  3.9
Spellcasting   | |  2.2
Transmutations | |  2.2
Poison Magic   | |  0.6

Action                   |  1- 3 |  4- 6 || total
-------------------------+-------+-------++-------
Melee: Unarmed           |    69 |     1 ||    70
       Constrict         |    17 |     1 ||    18
       Tentacles         |    13 |       ||    13
       Kick              |     1 |       ||     1
 Cast: Beastly Appendage |     1 |       ||     1
 Stab: Sleeping          |     5 |       ||     5
Armor: Skin              |     4 |       ||     4
Dodge: Dodged            |    43 |     1 ||    44
